TOP OF THE 1ST |
Surrey Sinners batting - Pitching for Seattle Rainiers : RHP John Ashe
|
Pitching: RHP John Ashe
|
|
Batting: SHB Ed Nelson
|
0-0: Called Strike 0-1: Ball 1-1: Called Strike 1-2: Ball 2-2: Foul Ball, location: 2F 2-2: DOUBLE (Flyball, 89D)
|
Batting: RHB Jeff Buck
|
0-0: Called Strike 0-1: Ball 1-1: Ball 2-1: SINGLE (Groundball, 56D) Ed Nelson to third Runner from 3rd tries for Home, SAFE, no throw
|
Batting: RHB Don Jackson
|
0-0: Ball 1-0: Ball 2-0: Fielders Choice at 2nd, 4-6 (Groundball, 4)
|
Batting: SHB Luis Días
|
0-0: Ball Don Jackson steals 2nd base 1-0: Swinging Strike 1-1: Ball 2-1: Swinging Strike 2-2: Foul Ball, location: 2F 2-2: Strikes out looking
|
Batting: RHB Miguel Jaramillo
|
0-0: Called Strike 0-1: Foul Ball, location: 2F 0-2: Strikes out looking
|
Top of the 1st over - 1 run, 2 hits, 0 errors, 1 left on base; Surrey 1 - Seattle 0 |
BOTTOM OF THE 1ST |
Seattle Rainiers batting - Pitching for Surrey Sinners : RHP Gabriel García
|
Pitching: RHP Gabriel García
|
|
Batting: SHB Troy Holland
|
0-0: Foul Ball, location: 2F 0-1: Foul Ball, location: 2F 0-2: Ball 1-2: Strikes out swinging
|
Batting: RHB Fred McPhun
|
0-0: Ball 1-0: Foul Ball, location: 2F 1-1: Ball 2-1: Fly out, F8 (Flyball, 89XD)
|
Batting: RHB Jesús Ortíz
|
0-0: Ball 1-0: Foul Ball, location: 2F 1-1: DOUBLE (Groundball, 5L)
|
Batting: LHB Manfredi Pérez
|
0-0: Ball 1-0: Foul Ball, location: 2F 1-1: Ball 2-1: Ball 3-1: Foul Ball, location: 2F 3-2: Foul Ball, location: 2F 3-2: Fly out, F2 (Popup, 2L)
|
Bottom of the 1st over - 0 runs, 1 hit, 0 errors, 1 left on base; Surrey 1 - Seattle 0 |
TOP OF THE 2ND |
Surrey Sinners batting - Pitching for Seattle Rainiers : RHP John Ashe
|
Batting: RHB Ron Gilbert
|
0-0: Ball 1-0: Called Strike 1-1: Called Strike 1-2: Ball 2-2: DOUBLE (Flyball, 8LXD)
|
Batting: RHB Tim van der Kamp
|
0-0: Called Strike 0-1: Ball 1-1: Ball 2-1: Foul Ball, location: 2F 2-2: SINGLE (Line Drive, 34D) Ron Gilbert to third
|
Batting: SHB Pedro Torres
|
0-0: Ball Tim van der Kamp steals 2nd base 1-0: SINGLE (Flyball, 78S) Ron Gilbert scores Tim van der Kamp to third
|
Batting: RHB Mike Clark
|
0-0: Called Strike 0-1: Swinging Strike 0-2: Ball 1-2: Grounds into double play, 6-4-3 (Groundball, 56) Tim van der Kamp scores
|
Batting: SHB Ed Nelson
|
0-0: Ball 1-0: Fly out, F6 (Popup, 56)
|
Top of the 2nd over - 2 runs, 3 hits, 0 errors, 0 left on base; Surrey 3 - Seattle 0 |
BOTTOM OF THE 2ND |
Seattle Rainiers batting - Pitching for Surrey Sinners : RHP Gabriel García
|
Batting: LHB Alarico Sloet tot Everlo
|
0-0: Ball 1-0: Called Strike 1-1: Called Strike 1-2: Foul Ball, location: 2F 1-2: Fly out, F8 (Flyball, 8LM)
|
Batting: RHB Carl Curry
|
0-0: Ball 1-0: Bunt for hit - play at first, batter OUT! 3-4
|
Batting: RHB Jeff Lawrence
|
0-0: Called Strike 0-1: Foul Ball, location: 2F 0-2: Ground out U3 (Groundball, 3S)
|
Bottom of the 2nd over - 0 runs, 0 hits, 0 errors, 0 left on base; Surrey 3 - Seattle 0 |
TOP OF THE 3RD |
Surrey Sinners batting - Pitching for Seattle Rainiers : RHP John Ashe
|
Batting: RHB Jeff Buck
|
0-0: Ball 1-0: Fly out, F7 (Flyball, 7)
|
Batting: RHB Don Jackson
|
0-0: Called Strike 0-1: Ball 1-1: Ball 2-1: Swinging Strike 2-2: Ball 3-2: Foul Ball, location: 2F 3-2: SINGLE (Groundball, 6MD)
|
Batting: SHB Luis Días
|
0-0: Reached on error, E1 (Groundball, 13S) Don Jackson to second
|
Batting: RHB Miguel Jaramillo
|
0-0: Ball 1-0: Swinging Strike 1-1: Called Strike 1-2: Strikes out looking
|
Batting: RHB Ron Gilbert
|
0-0: SINGLE (Line Drive, 6MD) Don Jackson to third Luis Días to second Runner from 3rd tries for Home, throw and OUT!
|
Top of the 3rd over - 0 runs, 2 hits, 1 error, 2 left on base; Surrey 3 - Seattle 0 |
BOTTOM OF THE 3RD |
Seattle Rainiers batting - Pitching for Surrey Sinners : RHP Gabriel García
|
Batting: RHB Cal Cox
|
0-0: Fly out, F9 (Flyball, 9LM)
|
Batting: SHB Javier Contreras
|
0-0: Called Strike 0-1: Ball 1-1: Swinging Strike 1-2: Strikes out swinging
|
Batting: SHB Troy Holland
|
0-0: SINGLE (Groundball, 4MD)
|
Batting: RHB Fred McPhun
|
0-0: Ball 1-0: Ball Troy Holland steals 2nd base 2-0: Fly out, F9 (Flyball, 9LD)
|
Bottom of the 3rd over - 0 runs, 1 hit, 0 errors, 1 left on base; Surrey 3 - Seattle 0 |
TOP OF THE 4TH |
Surrey Sinners batting - Pitching for Seattle Rainiers : RHP John Ashe
|
Batting: RHB Tim van der Kamp
|
0-0: Called Strike 0-1: Single, Error in OF, E7, batter to second base
|
Batting: SHB Pedro Torres
|
0-0: Ground out 6-3 (Groundball, 6M) Tim van der Kamp to third
|
Batting: RHB Mike Clark
|
0-0: Ball 1-0: Swinging Strike 1-1: Called Strike 1-2: Ball 2-2: Ball 3-2: Strikes out looking
|
Batting: SHB Ed Nelson
|
0-0: Ball 1-0: Ball 2-0: Ball 3-0: Base on Balls
|
Batting: RHB Jeff Buck
|
0-0: Ball 1-0: Called Strike 1-1: Swinging Strike 1-2: Ball Wild Pitch! Tim van der Kamp scores Ed Nelson to second 2-2: Strikes out swinging
|
Top of the 4th over - 1 run, 1 hit, 1 error, 1 left on base; Surrey 4 - Seattle 0 |
BOTTOM OF THE 4TH |
Seattle Rainiers batting - Pitching for Surrey Sinners : RHP Gabriel García
|
Batting: RHB Jesús Ortíz
|
0-0: SOLO HOME RUN (Flyball, 7LD), Distance : 365 ft
|
Batting: LHB Manfredi Pérez
|
0-0: Ball 1-0: Ball 2-0: Called Strike 2-1: Ball 3-1: Fly out, F5 (Popup, 5)
|
Batting: LHB Alarico Sloet tot Everlo
|
0-0: Ground out 1-3 (Groundball, 15S)
|
Batting: RHB Carl Curry
|
0-0: Foul Ball, location: 2F 0-1: Swinging Strike 0-2: Ball 1-2: Foul Ball, location: 2F 1-2: Ball 2-2: Fly out, F9 (Flyball, 9LM)
|
Bottom of the 4th over - 1 run, 1 hit, 0 errors, 0 left on base; Surrey 4 - Seattle 1 |
TOP OF THE 5TH |
Surrey Sinners batting - Pitching for Seattle Rainiers : RHP John Ashe
|
Batting: RHB Don Jackson
|
0-0: Swinging Strike 0-1: Ball 1-1: Called Strike 1-2: Strikes out swinging
|
Batting: SHB Luis Días
|
0-0: Ball 1-0: Called Strike 1-1: Called Strike 1-2: Ball 2-2: Foul Ball, location: 2F 2-2: Strikes out swinging
|
Batting: RHB Miguel Jaramillo
|
0-0: Ball 1-0: Ball 2-0: Ball 3-0: Called Strike 3-1: Foul Ball, location: 2F 3-2: SINGLE (Flyball, 8RS)
|
Batting: RHB Ron Gilbert
|
0-0: Called Strike Miguel Jaramillo is caught stealing 2nd base
|
Top of the 5th over - 0 runs, 1 hit, 0 errors, 0 left on base; Surrey 4 - Seattle 1 |
BOTTOM OF THE 5TH |
Seattle Rainiers batting - Pitching for Surrey Sinners : RHP Gabriel García
|
Batting: RHB Jeff Lawrence
|
0-0: Called Strike 0-1: Swinging Strike 0-2: Strikes out swinging
|
Batting: RHB Cal Cox
|
0-0: Ground out 5-3 (Groundball, 56S)
|
Batting: SHB Javier Contreras
|
0-0: Ball 1-0: Called Strike 1-1: Fly out, F4 (Line Drive, 4)
|
Bottom of the 5th over - 0 runs, 0 hits, 0 errors, 0 left on base; Surrey 4 - Seattle 1 |
TOP OF THE 6TH |
Surrey Sinners batting - Pitching for Seattle Rainiers : RHP John Ashe
|
Batting: RHB Ron Gilbert
|
0-0: Foul Ball, location: 2F 0-1: Swinging Strike 0-2: Ball 1-2: Ball 2-2: Fly out, F9 (Flyball, 89S)
|
Batting: RHB Tim van der Kamp
|
0-0: Called Strike 0-1: Ball 1-1: Ball 2-1: Fly out, F5 (Line Drive, 56)
|
Batting: SHB Pedro Torres
|
0-0: Ball 1-0: Ball 2-0: Ball 3-0: Called Strike 3-1: Base on Balls
|
Batting: RHB Mike Clark
|
0-0: Swinging Strike 0-1: Ball 1-1: Ball 2-1: Foul Ball, location: 2F 2-2: Foul Ball, location: 2F 2-2: Ball 3-2: Base on Balls Pedro Torres to second
|
Pitching: RHP Tony Gaiván
|
|
Batting: SHB Ed Nelson
|
0-0: Ball 1-0: Foul Ball, location: 2F 1-1: Foul Ball, location: 2F 1-2: Ball 2-2: Ball 3-2: Foul Ball, location: 2F 3-2: Base on Balls Pedro Torres to third Mike Clark to second
|
Batting: RHB Jeff Buck
|
0-0: Swinging Strike 0-1: Foul Ball, location: 2F 0-2: Strikes out swinging
|
Top of the 6th over - 0 runs, 0 hits, 0 errors, 3 left on base; Surrey 4 - Seattle 1 |
BOTTOM OF THE 6TH |
Seattle Rainiers batting - Pitching for Surrey Sinners : RHP Gabriel García
|
Batting: SHB Troy Holland
|
0-0: Called Strike 0-1: Called Strike 0-2: Strikes out swinging
|
Batting: RHB Fred McPhun
|
0-0: Ball 1-0: Called Strike 1-1: Ball 2-1: Foul Ball, location: 2F 2-2: Ground out U3 (Groundball, 3)
|
Batting: RHB Jesús Ortíz
|
0-0: Called Strike 0-1: SINGLE (Flyball, 7LS)
|
Batting: LHB Manfredi Pérez
|
0-0: DOUBLE (Line Drive, 8LXD) Jesús Ortíz to third Runner from 3rd tries for Home, SAFE, no throw
|
Batting: LHB Alarico Sloet tot Everlo
|
0-0: Fly out, F7 (Flyball, 78M)
|
Bottom of the 6th over - 1 run, 2 hits, 0 errors, 1 left on base; Surrey 4 - Seattle 2 |
TOP OF THE 7TH |
Surrey Sinners batting - Pitching for Seattle Rainiers : RHP Tony Gaiván
|
Batting: RHB Don Jackson
|
0-0: Ball 1-0: Ball 2-0: Ball 3-0: Called Strike 3-1: Called Strike 3-2: Strikes out swinging
|
Batting: SHB Luis Días
|
0-0: Called Strike 0-1: Ball 1-1: Ground out 1-3 (Groundball, 13)
|
Batting: RHB Miguel Jaramillo
|
0-0: Ball 1-0: Called Strike 1-1: Foul Ball, location: 2F 1-2: Strikes out swinging
|
Top of the 7th over - 0 runs, 0 hits, 0 errors, 0 left on base; Surrey 4 - Seattle 2 |
BOTTOM OF THE 7TH |
Seattle Rainiers batting - Pitching for Surrey Sinners : RHP Gabriel García
|
Batting: RHB Carl Curry
|
0-0: Ball 1-0: Foul Ball, location: 2F 1-1: Ball 2-1: Ball 3-1: Base on Balls
|
Batting: RHB Jeff Lawrence
|
0-0: Ball 1-0: Ball 2-0: Called Strike 2-1: Foul Ball, location: 2F 2-2: Ball 3-2: Base on Balls Carl Curry to second
|
Pinch Hitting: RHB John Eaves
|
0-0: Called Strike 0-1: Ball 1-1: Called Strike 1-2: Ball 2-2: Strikes out looking
|
Pinch Hitting: LHB Darren Cook
|
0-0: Ball 1-0: Foul Ball, location: 2F 1-1: Foul Ball, location: 2F 1-2: Foul Ball, location: 2F 1-2: Reached on error, E3 (Groundball, 34S) Carl Curry to third Jeff Lawrence to second
|
Batting: SHB Troy Holland
|
0-0: Ball 1-0: Fly out, F6 (Popup, 6S)
|
Batting: RHB Fred McPhun
|
0-0: Ball 1-0: Called Strike 1-1: Ball 2-1: SINGLE (Groundball, 6D) Carl Curry scores Jeff Lawrence to third Darren Cook to second Runner from 3rd tries for Home, SAFE, throw made home
|
Batting: RHB Jesús Ortíz
|
0-0: Called Strike 0-1: Ball 1-1: Ball 2-1: Foul Ball, location: 2F 2-2: Ground out 3-1 (Groundball, 34)
|
Bottom of the 7th over - 2 runs, 1 hit, 1 error, 2 left on base; Surrey 4 - Seattle 4 |
TOP OF THE 8TH |
Surrey Sinners batting - Pitching for Seattle Rainiers : RHP Tony Gaiván
|
Now at 2B: Darren Cook
|
|
Now in CF: Ramón Ramírez
|
|
Batting: RHB Ron Gilbert
|
0-0: Called Strike 0-1: Swinging Strike 0-2: Strikes out swinging
|
Pinch Hitting: LHB Robert Mann
|
0-0: Ball 1-0: Ball 2-0: Ball 3-0: Called Strike 3-1: Foul Ball, location: 2F 3-2: Strikes out looking
|
Pinch Hitting: RHB Christian Porter
|
0-0: Ball 1-0: Called Strike 1-1: Ball 2-1: Foul Ball, location: 2F 2-2: Ball 3-2: Foul Ball, location: 2F 3-2: Base on Balls
|
Batting: RHB Mike Clark
|
0-0: Ball 1-0: Called Strike 1-1: Ground out 4-3 (Groundball, 4)
|
Top of the 8th over - 0 runs, 0 hits, 0 errors, 1 left on base; Surrey 4 - Seattle 4 |
BOTTOM OF THE 8TH |
Seattle Rainiers batting - Pitching for Surrey Sinners : RHP Gabriel García
|
Pitching: RHP Adrián Vásquez
|
|
Now at 3B: Francisco Martínez
|
|
Now in LF: Christian Porter
|
|
Batting: LHB Manfredi Pérez
|
0-0: Ball 1-0: Foul Ball, location: 2F 1-1: Ball 2-1: Fly out, F7 (Flyball, 7S)
|
Pitching: LHP Jorge Acevedo
|
|
Pinch Hitting: RHB Pablo Hernández
|
0-0: Foul Ball, location: 2F 0-1: Swinging Strike 0-2: SINGLE (Line Drive, 7S)
|
Pitching: RHP Chris Ryan
|
|
Batting: RHB Carl Curry
|
0-0: Swinging Strike 0-1: Ball 1-1: Foul Ball, location: 2F 1-2: Fly out, F9 (Flyball, 9LSF)
|
Batting: RHB Jeff Lawrence
|
0-0: Ball Pablo Hernández steals 2nd base 1-0: Called Strike 1-1: Ball 2-1: Swinging Strike 2-2: Ball 3-2: Foul Ball, location: 2F 3-2: Strikes out swinging
|
Bottom of the 8th over - 0 runs, 1 hit, 0 errors, 1 left on base; Surrey 4 - Seattle 4 |
TOP OF THE 9TH |
Surrey Sinners batting - Pitching for Seattle Rainiers : RHP Tony Gaiván
|
Pitching: RHP Danny Owen
|
|
Now at 3B: Pablo Hernández
|
|
Batting: SHB Ed Nelson
|
0-0: Ball 1-0: Ball 2-0: Called Strike 2-1: Ball 3-1: Base on Balls
|
Batting: RHB Jeff Buck
|
0-0: Sac Bunt - play at first, batter OUT! 2-4 Ed Nelson to second
|
Batting: RHB Don Jackson
|
0-0: Intentional Walk
|
Pinch Hitting: LHB Clarence Bowen
|
0-0: Called Strike 0-1: Ball 1-1: Grounds into double play, 4-6-3 (Groundball, 4)
|
Top of the 9th over - 0 runs, 0 hits, 0 errors, 1 left on base; Surrey 4 - Seattle 4 |
BOTTOM OF THE 9TH |
Seattle Rainiers batting - Pitching for Surrey Sinners : RHP Chris Ryan
|
Pitching: RHP Ed Crawford
|
|
Now at SS: Clarence Bowen
|
|
Batting: LHB Ramón Ramírez
|
0-0: Ground out 4-3 (Groundball, 4S)
|
Batting: LHB Darren Cook
|
0-0: SINGLE (Groundball, 15S) (infield hit)
|
Batting: SHB Troy Holland
|
0-0: Called Strike 0-1: Ball 1-1: Fly out, F7 (Flyball, 7D) Runner from 1st tags up, SAFE at 2nd
|
Batting: RHB Fred McPhun
|
0-0: SINGLE (Groundball, 6D) Darren Cook to third Runner from 3rd tries for Home, SAFE, throw made home
|
Saturday, April 7th, 2018 - OOTP Baseball 18.8 Build 76
|
|